cohdb
Replays
Latest Replays
All Replays
Popular Replays
Top Player Replays
Match Explorer
How It Works
Community
CoH3 Stats
Reddit
Sign in to upload your games and track your stats! →
Sign in with Steam
Match 42817663
Unlisted
Match 42817663
Overview
Messages
Build Orders
End
Engineer Squad
Selects Heavy Weapons
Construct Weapon Support Center
M1919 Machine Gun Team
M1919 Machine Gun Team
Bazooka Squad
Selects M2HB .50cal Heavy Machine Gun
Infantry Support Center
Construct Medical Station
M3 Armored Personnel Carrier
Selects Assault Carriers
Selects Exchangeable Parts
Selects Exchangeable Parts
Construct Tank Depot
M1919 Machine Gun Team
Bazooka Squad
M4A1 Sherman Medium Tank
Chris
Niycolas Guarneir
ConcernedApe
엘비
0
0
Comments
sign in to comment!
No comments posted yet!